 Dungeon Crawl Stone Soup version 0.26-a0-597-gb535b0901c (webtiles) character file.

Game seed: 12312510496961567449

23 Alarkh the Insei (level 2, 23/23 HPs)
             Began as a Demonspawn Gladiator on Sept 14, 2020.
             Got out of the dungeon alive.
             The game lasted 00:00:26 (560 turns).

Alarkh the Insei (Demonspawn Gladiator)              Turns: 560, Time: 00:00:26

Health: 23/23      AC:  6    Str: 14    XL:     2   Next: 72%
Magic:  2/2        EV: 12    Int:  9    God:
Gold:   15         SH:  0    Dex: 14    Spells: 1/1 levels left

rFire    . . .     SeeInvis .     - Unarmed
rCold    . . .     Faith    .   (no shield)
rNeg     . . .     Spirit   .   a - +0 leather armour
rPois    .         Reflect  .   b - +0 helmet
rElec    .         Harm     .   (no cloak)
rCorr    .                      (no gloves)
MR       .....                  (no boots)
Stlth    +.........             (no amulet)
HPRegen  0.07/turn              (no ring)
MPRegen  0.08/turn              (no ring)

@: no status effects
A: iridescent scales 1
a: no special abilities


You escaped.
You visited 1 branch of the dungeon, and saw 1 of its levels.

You collected 15 gold pieces.

Inventory:

Missiles
 c - 3 throwing nets (quivered)
Armour
 a - a +0 leather armour (worn)
 b - a +0 helmet (worn)
Scrolls
 d - a scroll of identify {unknown}
 e - 2 scrolls of immolation {unknown}
Potions
 f - a potion of heal wounds {unknown}


   Skills:
 + Level 2.4 Fighting
 - Level 1.7 Throwing
 - Level 2.6 Dodging
 * Level 3.4 Unarmed Combat


You had one spell level left.
You didn't know any spells.
Your spell library was empty.

Dungeon Overview and Level Annotations

Branches:
Dungeon (1/15)

Altars:


Innate Abilities, Weirdness & Mutations

You are partially covered in iridescent scales. (AC +2)


Message History

You open the door.
There is an open door here.
Found a leather armour.
e - 2 scrolls labeled KAEHEF GE LAIMM (gained 1)
You see here a leather armour.
f - a bubbling silvery potion No target in view!
You see here a goblin skeleton.
There is an open door here.
Found a stone staircase leading down.
You see here 6 stones.
You see here a stone.
Done exploring.
Done exploring.
Done exploring.
Done exploring.
You can't go up here!
There is a staircase leading out of the dungeon here.
Are you sure you want to leave the Dungeon?
This will make you lose the game!
You have escaped!

########## #........# .........#
###########........#
.........###....[...##........#
.........##..######...........#
.........'..##≈##≈##..........###
........[#.##≈P≈≈.≈##.........#..
)........#.#≈P8P.8.≈#.........#..
##...#..##.##.P...≈##.........#..
................@.........^÷..#..
#.########.##.♣..P≈##.####.####..
#.# #.#≈♣8♣P8P≈#............
#.########.##≈♣≈≈P≈######....####
#......#...###≈##≈## #.#..#
######.#.....###### ##+#..#
#.#......#.##### #...#.####
#)#......#.....# #...#.##..
#.#......#.###.# #...+..'..


There were no monsters in sight!

Vanquished Creatures
  4 goblins (D:1)
  4 hobgoblins (D:1)
  4 jackals (D:1)
  3 kobolds (D:1)
  A frilled lizard (D:1)
  3 rats (D:1)
19 creatures vanquished.

Vanquished Creatures (others)
  4 toadstools (D:1)
4 creatures vanquished.

Grand Total: 23 creatures vanquished

Notes
Turn   | Place    | Note
-------+----------+-------------------------------------------
     0 | D:1      | Alarkh the Demonspawn Gladiator began the quest for the
                  | Orb.
     0 | D:1      | Reached XP level 1. HP: 16/16 MP: 1/1
    70 | D:1      | Reached skill level 3 in Unarmed Combat
   126 | D:1      | Gained mutation: You are partially covered in iridescent
                  | scales. (AC +2) [demonic ancestry]
   126 | D:1      | Reached XP level 2. HP: 15/22 MP: 2/2
   560 | D:$      | Got out of the dungeon alive.

Illustrated notes

Levels and vault maps discovered:
D:1:      ldierk_walled_garden_2, layout_basic

Skill      XL: |  1 |
---------------+----+-----
Unarmed Combat | 3 |  3.4
Fighting       | |  2.4
Throwing       | |  1.7
Dodging        | |  2.6

Action                   || total
-------------------------++-------
Melee: Unarmed           ||    80
       Punch             ||     1
Armor: Leather armour    ||    21
Dodge: Dodged            ||    54

Table legend: (Time is in decaauts)
 A = Elapsed time spent in this place.
 B = Non-inter-level travel time spent in this place.
 C = Inter-level travel time spent in this place.
 D = Time resting spent in this place.
 E = Time spent auto-exploring this place.
 F = Levels seen in this place.
 G = Mean time per level.
                   A        B        C        D        E       F      G
               +--------+--------+--------+--------+--------+-----+--------+
         Total |    555 |    555 |      0 |      0 |    427 |   1 |  555.0 |
       Dungeon |    555 |    555 |      0 |      0 |    427 |   1 |  555.0 |
               +--------+--------+--------+--------+--------+-----+--------+

Top non-repeatable levels by time:
     D:1: 555 daAuts
